 Dungeon Crawl Stone Soup version 0.28.0 (webtiles) character file.

Game seed: 9011781107015070023

10967 flotson the Skirmisher (level 11, -3/86 HPs)
             Began as a Demonspawn Gladiator on Feb 8, 2022.
             Was an Initiate of Gozag.
             Slain by an angel (4 damage)
             ... on level 2 of the Abyss on Feb 10, 2022.
             The game lasted 00:31:29 (11364 turns).

flotson the Skirmisher (Demonspawn Gladiator)      Turns: 11364, Time: 00:31:31

Health: -3/86      AC: 25    Str: 20    XL:     11   Next: 43%
Magic:  0/11       EV:  4    Int: 11    God:    Gozag
Gold:   900        SH: 11    Dex: 20    Spells: 10/10 levels left

rFire   + . .      SeeInvis .   a - +2 trident (venom)
rCold   . . .      Faith    .   L - +0 kite shield
rNeg    . . .      Spirit   +   M - +0 crystal plate armour
rPois   .          Reflect  .   c - +0 helmet
rElec   +          Harm     .   I - +0 cloak of the Old World {rF+ rCorr}
rCorr   +          Rampage  .   N - +0 pair of gloves
Will    .....                   m - +1 pair of boots "Tofidi Ejidd" {rElec Str+2}
Stlth   ..........              (no amulet)
HPRegen 0.00/turn               u - ring of resist corrosion
MPRegen 0.24/turn               C - +6 ring of dexterity

@: about to teleport, sick, glowing
A: rugged brown scales 1, demonic guardian 2, magic shield, magic regeneration,
weakness stinger 1
a: Renounce Religion, Potion Petition, Call Merchant, Bribe Branch


You were on level 2 of the Abyss.
You worshipped Gozag.
Gozag was pleased with you.
You visited 2 branches of the dungeon, and saw 10 of its levels.
You visited the Abyss 1 time.
You also visited: Sewer.

You collected 1310 gold pieces.
You spent 250 gold pieces at shops.
You paid 160 gold pieces to Gozag.

Inventory:

Hand Weapons
 a - a +2 trident of venom (weapon)
 b - a +0 hand crossbow
 K - a +0 war axe
Missiles
 d - 3 throwing nets
 l - 5 boomerangs of dispersal
 q - 9 boomerangs (quivered)
 w - 36 poisoned darts
 A - 167 bolts
Armour
 c - a +0 helmet (worn)
 m - the +1 pair of boots "Tofidi Ejidd" (worn) {rElec Str+2}
   (You found it on level 2 of the Dungeon)

   Str:       It affects your strength (+2).
   rElec:     It insulates you from electricity.
 I - the +0 cloak of the Old World (worn) {rF+ rCorr}
   (You found it on level 9 of the Dungeon)

   rF:        It protects you from fire.
   rCorr:     It protects you from acid and corrosion.
 L - a +0 kite shield (worn)
 M - a +0 crystal plate armour (worn)
 N - a +0 pair of gloves (worn)
Jewellery
 u - a ring of resist corrosion (left hand)
 C - a +6 ring of dexterity (right hand)
 F - the amulet "Nekaidin" {Acrobat rF+++ MP-9 Slay+2 SInv}
   (You bought it in a shop on level 4 of the Dungeon)

   [amulet of the acrobat]

   It increases your evasion while moving and waiting.
   Slay:      It affects your accuracy & damage with ranged weapons and melee
   (+2).
   rF:        It renders you almost immune to fire.
   MP:        It affects your magic capacity (-9).
   SInv:      It lets you see invisible.
 G - the amulet of Jitoruek {rPois Regen+ rCorr Dex-4}
   (You bought it in a shop on level 4 of the Dungeon)

   [amulet of regeneration]

   Dex:       It affects your dexterity (-4).
   rPois:     It protects you from poison.
   Regen:     It increases your rate of health regeneration.
   rCorr:     It protects you from acid and corrosion.
 P - a ring of poison resistance
Wands
 E - a wand of mindburst (1)
 O - a wand of flame (5)
Scrolls
 e - a scroll of teleportation
 h - 2 scrolls of enchant weapon {unknown}
 i - a scroll of fear {unknown}
 k - 2 scrolls of blinking {unknown}
 n - a scroll of brand weapon {unknown}
 o - 2 scrolls of enchant armour {unknown}
 r - 2 scrolls of magic mapping {unknown}
 s - 2 scrolls of immolation {unknown}
 x - a scroll of fog {unknown}
 y - 4 scrolls of vulnerability
 Q - a scroll of acquirement {unknown}
Potions
 f - a potion of lignification
 g - 2 potions of resistance
 j - 2 potions of attraction
 p - a potion of invisibility
 t - 3 potions of might
 v - a potion of berserk rage
 B - 3 potions of cancellation
 D - 2 potions of flight
 H - a potion of curing
 J - 2 potions of mutation


   Skills:
 + Level 7.6 Fighting
 + Level 7.2 Axes
 + Level 6.9 Throwing
 + Level 6.5 Armour
 + Level 7.2 Dodging
 + Level 5.1 Shields
 + Level 5.8 Evocations


You had 10 spell levels left.
You didn't know any spells.
Your spell library contained the following spells:

 Spells                   Type           Power      Damage    Failure   Level
 Animate Skeleton         Necr           0%         N/A       100%        1
 Apportation              Tloc           0%         N/A       100%        1
 Pain                     Necr           0%         1d4       100%        1
 Sting                    Tmut/Pois      0%         1d3       100%        1
 Summon Small Mammal      Summ           0%         N/A       100%        1
 Blink                    Tloc           0%         N/A       100%        2
 Ensorcelled Hibernation  Hex/Ice        0%         N/A       100%        2
 Poisonous Vapours        Pois/Air       0%         N/A       100%        2
 Scorch                   Fire           0%         2d5       100%        2
 Call Canine Familiar     Summ           0%         N/A       100%        3
 Spider Form              Tmut/Pois      0%         N/A       100%        3
 Summon Guardian Golem    Hex/Summ       0%         N/A       100%        3
 Vampiric Draining        Necr           0%         2d6       100%        3
 Anguish                  Hex/Necr       0%         N/A       100%        4
 Flame Wave               Conj/Fire      0%         2d4       100%        4
 Olgreb's Toxic Radiance  Pois           0%         N/A       100%        4
 Manifold Assault         Tloc           0%         N/A       100%        5
 Summon Cactus Giant      Summ           0%         N/A       100%        6
 Storm Form               Tmut/Air       0%         N/A       100%        7


Dungeon Overview and Level Annotations

Branches:
Dungeon (9/15)             Temple (1/1) D:5           Sewer (visited)
   Lair: D:8-11         Orc: D:9-12

Altars:
Ashenzari
Cheibriados
Fedhas
Gozag
Hepliaklqana
Makhleb
Okawaru
Qazlal
Ru
Sif Muna
Trog
Uskayaw
Wu Jian
Yredelemnul
Zin
Lugonu

Shops:
D:4 *   D:8 [


Innate Abilities, Weirdness & Mutations

You are partially covered in rugged brown scales. (AC +1, +3% HP)
A demonic guardian rushes to your aid.
When hurt, damage is shared between your health and your magic reserves.
You regenerate magic rapidly.
You have a small tail.


Message History

You barely miss the ancient zyme.
The ancient zyme is severely damaged.
The ancient zyme hits you.
* * * LOW HITPOINT WARNING * * *
You block the ancient zyme's attack.
You feel ill.
You hit the ancient zyme.
The ancient zyme is almost destroyed.
The ancient zyme hits you but does no damage.
The ancient zyme barely misses you.
You hit the ancient zyme but do no damage.
The ancient zyme is almost destroyed.
You block the ancient zyme's attack.
The ancient zyme hits you but does no damage. x3
You hit the ancient zyme. You tail-slap the ancient zyme.
The ancient zyme is almost destroyed.
A small abomination comes into view.
A starcursed mass comes into view.
The ancient zyme hits you but does no damage.
The ancient zyme barely misses you.
You hit the ancient zyme.
You destroy the ancient zyme!
That felt strangely unrewarding.
A starcursed mass splits.
An ice beast comes into view.
Unknown command.
As you read the scroll of teleportation, it crumbles to dust.
You feel strangely unstable.
You feel the power of the Abyss delaying your translocation!
A starcursed mass splits.
The small abomination hits you but does no damage.
You block the small abomination's attack.
An angel comes into view. It is wielding a +3 whip of holy wrath.
A quasit comes into view.
The angel hits you but does no damage. You block the angel's attack.
You block the angel's attack. The angel hits you but does no damage.
The angel hits you with a +3 whip of holy wrath!!
* * * LOW HITPOINT WARNING * * *
A demonic guardian appears!
You convulse.
* * * LOW HITPOINT WARNING * * *
The angel hits you with a +3 whip of holy wrath.
You die...
Your body crumbles into a pile of gold.

### .. ###..# .
##.X# .# # #.##§#
. # ##Y#..#
##.##.#
#X.#...###.4§....
#.Xx##...#.#@.§#
# #..5# ##
.##A##§#. #.##
#....# .# #
#_.##### # # . #.
_#


You could see an angel (ally target) and a friendly ice devil (summoned,
wandering).

Vanquished Creatures
  A centaur warrior (D:9)
  2 two-headed ogres
  A bunyip zombie (Abyss:2)
  A dire elephant zombie (Abyss:2)
  An efreet (D:9)
  2 ancient zymes (Abyss:2)
  2 hornets (D:9)
  3 slime creatures (D:9)
  2 wyverns (D:8)
  4 yaks
  A chaos spawn (Abyss:2)
  A steam dragon (D:6)
  The ghost of BigPumpCobain the Changer, an amateur MfTm of Qazlal (D:5)
  A large abomination (Abyss:2)
  2 acid dragons (D:9)
  3 orc warriors
  3 water moccasins
  2 sky beasts
  2 black bears (D:5)
  A hornet zombie (D:6)
  2 ogres (D:6)
  5 centaurs
  2 kobold brigands (D:9)
  2 gnoll sergeants
  5 bullfrogs
  A wyvern zombie (D:9)
  2 scorpions (D:6)
  A wyvern skeleton (D:5)
  5 killer bees (D:9)
  An electric eel (D:7)
  6 howler monkeys
  2 centaur zombies
  2 orc priests
  A bullfrog zombie (D:6)
  4 jellies
  A bullfrog skeleton (D:5)
  2 centaur skeletons
  3 hounds
  2 gnoll shamans
  2 iguanas
  8 orc wizards
  A killer bee zombie (D:7)
  2 hound skeletons (D:5)
  5 howler monkey zombies
  7 gnolls (D:6)
  6 adders
  3 shadow imps
  A white imp (D:7)
  An ufetubus (D:3)
  2 adder zombies (D:5)
  3 worms
  3 dart slugs
  17 orcs
  3 endoplasms
  6 giant cockroaches
  7 goblins
  2 hobgoblins
  3 jackals (D:4)
  3 quokkas
  8 ball pythons
  10 bats
  5 frilled lizards
  17 kobolds
  17 rats
227 creatures vanquished.

Vanquished Creatures (collateral kills)
  A centaur warrior (D:8)
  A two-headed ogre (D:8)
  3 slime creatures (D:8)
  A water moccasin (D:6)
  An ice beast (D:6)
  2 orc warriors
  An ogre (D:5)
  A centaur (D:9)
  3 kobold brigands (Sewer)
  A bullfrog (D:7)
  A killer bee (D:9)
  2 howler monkeys (D:8)
  A bullfrog zombie (D:3)
  An orc priest (D:6)
  A killer bee zombie (D:8)
  A gnoll (D:6)
  2 orcs (D:3)
  6 kobolds
30 creatures vanquished.

Vanquished Creatures (others)
  4 fungi (Sewer)
  6 plants
10 creatures vanquished.

Grand Total: 267 creatures vanquished

Notes
Turn   | Place    | Note
-------+----------+-------------------------------------------
     0 | D:1      | flotson the Demonspawn Gladiator began the quest for the
                  | Orb.
     0 | D:1      | Reached XP level 1. HP: 16/16 MP: 1/1
   250 | D:1      | Gained mutation: A weak demonic guardian rushes to your
                  | aid. [demonic ancestry]
   250 | D:1      | Reached XP level 2. HP: 22/22 MP: 2/2
   358 | D:1      | Found Koypeida's Distillery.
   543 | D:1      | Found a faded altar of an unknown god.
   719 | D:2      | Reached skill level 1 in Armour
   719 | D:2      | Reached XP level 3. HP: 23/28 MP: 3/3
   814 | D:2      | Identified the +1 pair of boots "Tofidi Ejidd" {rElec
                  | Str+2}
  1528 | D:3      | Reached XP level 4. HP: 26/34 MP: 4/4
  1633 | D:3      | Found a sacrificial altar of Ru.
  1771 | D:3      | Found a glowing drain.
  1784 | Sewer    | Entered a sewer
  1909 | Sewer    | Gained mutation: You have a small tail. [demonic ancestry]
  1909 | Sewer    | Reached XP level 5. HP: 27/40 MP: 1/5
  2048 | Sewer    | Reached XP level 6. HP: 18/47 MP: 6/6
  2579 | D:3      | Found a basalt altar of Yredelemnul.
  3072 | D:4      | Found a burning altar of Makhleb.
  3287 | D:4      | Found an ornate altar of the Wu Jian Council.
  3656 | D:4      | Found Boitz's Assorted Antiques.
  3665 | D:4      | Bought a vibrating crystal amulet for 125 gold pieces
  3665 | D:4      | Identified the amulet "Nekaidin" {Acrobat rF+++ MP-9 Slay+2
                  | SInv} (You bought it in a shop on level 4 of the Dungeon)
  3665 | D:4      | Bought a flickering diamond amulet for 125 gold pieces
  3665 | D:4      | Identified the amulet of Jitoruek {rPois Regen+ rCorr
                  | Dex-4} (You bought it in a shop on level 4 of the Dungeon)
  3806 | D:5      | Entered Level 5 of the Dungeon
  3836 | D:5      | Found a transporter.
  3845 | D:5      | Noticed BigPumpCobain's ghost (amateur MfTm)
  3902 | D:5      | Gained mutation: You regenerate magic rapidly. [demonic
                  | ancestry]
  3902 | D:5      | Reached XP level 7. HP: 30/53 MP: 0/7
  4232 | D:5      | Found a transporter.
  4384 | D:5      | Found a staircase to the Ecumenical Temple.
  4393 | Temple   | Entered the Ecumenical Temple
  4817 | D:5      | Killed BigPumpCobain's ghost
  4818 | D:5      | Gained mutation: You are partially covered in rugged brown
                  | scales. (AC +1, +3% HP) [demonic ancestry]
  4818 | D:5      | Reached XP level 8. HP: 43/62 MP: 0/8
  5362 | D:5      | HP: 3/62 [poisoned by a gnoll sergeant]
  6352 | D:6      | Reached skill level 1 in Evocations
  6449 | D:6      | Found a broken altar of Ashenzari.
  6497 | D:6      | Reached skill level 5 in Axes
  6498 | D:6      | Reached skill level 5 in Fighting
  6498 | D:6      | Reached skill level 5 in Dodging
  6498 | D:6      | Reached skill level 1 in Shields
  6904 | D:6      | Noticed a two-headed ogre
  6946 | D:6      | Killed a two-headed ogre
  6947 | D:6      | Reached skill level 5 in Throwing
  6947 | D:6      | Gained mutation: A demonic guardian rushes to your aid.
                  | [demonic ancestry]
  6947 | D:6      | Reached XP level 9. HP: 15/70 MP: 0/9
  7888 | D:6      | Reached skill level 5 in Armour
  8135 | Temple   | Became a worshipper of Gozag Ym Sagoz the Greedy
  8320 | D:7      | Found a shimmering blue altar of Sif Muna.
  8647 | D:7      | Found a blossoming altar of Fedhas.
  9005 | D:8      | Found Ypoheit's Armour Boutique.
  9010 | D:8      | Noticed a centaur warrior
  9028 | D:7      | Gained mutation: When hurt, damage is shared between your
                  | health and your magic reserves. [demonic ancestry]
  9028 | D:7      | Reached XP level 10. HP: 67/78 MP: 1/10
  9312 | D:8      | Found a bloodstained altar of Trog.
  9363 | D:8      | Killed a centaur warrior
  9439 | D:8      | Noticed a two-headed ogre
  9454 | D:8      | Killed a two-headed ogre
  9812 | D:9      | Identified the +0 cloak of the Old World {rF+ rCorr}
  9971 | D:8      | Reached skill level 5 in Evocations
 10114 | D:8      | Reached XP level 11. HP: 61/86 MP: 8/11
 10230 | D:9      | Noticed a centaur warrior
 10237 | D:9      | Noticed a two-headed ogre
 10496 | D:9      | Killed a two-headed ogre
 10536 | D:9      | Reached skill level 5 in Shields
 10560 | D:9      | Killed a centaur warrior
 10566 | D:9      | Noticed a wizard
 10715 | D:9      | Found a snail-covered altar of Cheibriados.
 10797 | D:9      | Cast into level 2 of the Abyss (a wizard)
 10806 | Abyss:2  | Found an ornate altar of the Wu Jian Council.
 10817 | Abyss:2  | Found a corrupted altar of Lugonu.
 11353 | Abyss:2  | Noticed a starcursed mass
 11358 | Abyss:2  | Noticed an angel
 11361 | Abyss:2  | Found an ornate altar of the Wu Jian Council.
 11363 | Abyss:2  | Found a corrupted altar of Lugonu.
 11364 | Abyss:2  | HP: 4/86 [angel (16)]
 11364 | Abyss:2  | HP: 1/86 [angel (3)]
 11364 | Abyss:2  | Slain by an angel

Illustrated notes

Levels and vault maps discovered:
D:1:      scummos_arrival_star, layout_rooms, serial_shops, nicolae_shop_stone,
          nicolae_ecumenical_snake_handling, serial_park_tiny_pond,
          minmay_misc_feat_tiny
D:2:      layout_basic
D:3:      layout_basic, mainiacjoe_overflow_boulevard, lemuel_round_altar,
          portal_sewer_entry_a, hangedman_decor_lopped
D:4:      layout_loops_ring, general_overflow_altar, bloody_makhleb,
          serial_shops, shop, minmay_misc_feat_iff, hangedman_glass_teeth
D:5:      layout_basic, minmay_temple_entry_slanted, gammafunk_ghost_arena
D:6:      layout_cave_pools, nicolae_ashenzari_skybound,
          serial_co_window_serial, co_window_paths_a, co_window_corner_a,
          co_window_corner_a, co_window_corner_a, co_window_paths_a,
          co_window_of_opportunity_c, co_window_corner_ca, co_window_corner_b,
          co_window_broadway_a, co_window_sun, glass_columns_c, minmay_bent
D:7:      layout_gridville, kennysheep_mini_moat,
          nicolae_sif_muna_little_library, kennysheep_small_spiral
D:8:      layout_cave_pools, mainiacjoe_overflow_small_starburst, serial_shops,
          shop
D:9:      cheibrodos_ideogram_h, layout_basic, slow_altar_1,
          amcnicky_altar_gilded, dk_noncrumbling_4
Temple:   corrupted_temple
Abyss:2:  base: D:4, base:
D:4

Skill      XL: |  1  2  3  4  5  6  7  8  9 10 11 |
---------------+----------------------------------+-----
Throwing       | 2 3 4 5 6 |  6.9
Armour         | 1 2 3 4 5 6 |  6.5
Axes           | 3 4 5 6 7 |  7.2
Dodging        | 3 4 5 6 7 |  7.2
Fighting       | 3 4 5 6 7 |  7.6
Evocations     | 2 3 5 |  5.8
Shields        | 2 3 4 5 |  5.1

Action                   |  1- 3 |  4- 6 |  7- 9 | 10-12 || total
-------------------------+-------+-------+-------+-------++-------
Melee: War axe           |    97 |   104 |     3 |       ||   204
       Punch             |       |     1 |       |       ||     1
       Tailslap          |       |     5 |    26 |    81 ||   112
       Trident           |       |       |   165 |   421 ||   586
 Fire: Hand crossbow     |       |    96 |    91 |     3 ||   190
Throw: Boomerang         |     4 |       |     6 |     6 ||    16
Evoke: Wand              |       |       |     8 |       ||     8
  Use: Potion            |       |     4 |       |     6 ||    10
       Scroll            |       |       |     9 |     7 ||    16
 Stab: Distracted        |       |       |     2 |     2 ||     4
Armor: Leather armour    |     7 |       |       |       ||     7
       Scale mail        |    45 |    88 |    51 |       ||   184
       Crystal plate arm |       |       |    83 |   429 ||   512
Dodge: Dodged            |    63 |   115 |   109 |    70 ||   357
Block: Kite shield       |       |       |   100 |   258 ||   358
